 Dungeon Crawl Stone Soup version 0.22.2-1-ge965b3aba3 (webtiles) character file.

97370 Freitmort the Eclecticist (level 15, -25/81 HPs)
             Began as a Deep Elf Conjurer on Aug 21, 2019.
             Was a High Priest of Vehumet.
             Shot with a bolt by an orc knight (31 damage)
             ... on level 2 of the Orcish Mines on Sept 4, 2019.
             The game lasted 04:31:13 (38131 turns).

Freitmort the Eclecticist (Deep Elf Conjurer)      Turns: 38131, Time: 04:31:14

Health: -25/81     AC: 10    Str:  7    XL:     15   Next: 71%
Magic:  0/37       EV: 17    Int: 25    God:    Vehumet [*****.]
Gold:   472        SH:  0    Dex: 15    Spells: 25/46 levels left

rFire    . . .     SeeInvis +   n - +2 blowgun
rCold    . . .     Gourm    .   (no shield)
rNeg     . . .     Faith    .   v - +2 robe "Earthly Heaven" {*Drain +Inv rPois MR++}
rPois    +         Spirit   +   (no helmet)
rElec    .         Reflect  .   G - +0 cloak
rCorr    .         Harm     .   b - +2 pair of gloves
MR       +++..                  l - +1 pair of boots
Stlth    ++++......             u - amulet of guardian spirit
HPRegen  0.23/turn              a - ring of see invisible
MPRegen  0.25/turn              q - ring of wizardry

@: very slightly contaminated, invisible
A: no striking features
a: Renounce Religion


You were on level 2 of the Orcish Mines.
You worshipped Vehumet.
Vehumet was extremely pleased with you.
You were hungry.

You visited 4 branches of the dungeon, and saw 22 of its levels.
You also visited: Ice Cave.

You collected 1547 gold pieces.
You spent 1075 gold pieces at shops.

Inventory:

Hand Weapons
 n - a +2 blowgun (weapon)
 y - a +0 short sword of speed
Missiles
 o - 25 poisoned needles (quivered)
 p - 8 curare-tipped needles
 J - 3 needles of sleeping
Armour
 b - a +2 pair of gloves (worn)
 l - a +1 pair of boots (worn)
 t - a +2 robe of fire resistance
 v - the +2 robe "Earthly Heaven" (worn) {*Drain +Inv rPois MR++}
   (You found it on level 4 of the Dungeon)

   It protects you from poison.
   It affects your resistance to hostile enchantments.
   It lets you turn invisible.
   It causes draining when unequipped.
 F - a +2 robe of magic resistance
 G - a +0 cloak (worn)
 M - a +0 robe of the Archmagi
 P - a +0 pair of boots
Magical Staves
 m - an uncursed staff of poison
 I - an uncursed staff of wizardry
Jewellery
 a - a ring of see invisible (left hand)
 f - an uncursed ring of ice
 k - an uncursed ring of wizardry
 q - a ring of wizardry (right hand)
 u - an amulet of guardian spirit (around neck)
 K - an uncursed ring of positive energy
Wands
 d - a wand of enslavement (15)
 e - a wand of paralysis (8)
 j - a wand of flame (173)
 r - a wand of iceblast (15)
 w - a wand of disintegration (15)
 x - a wand of random effects (26)
 H - a wand of digging (28)
Scrolls
 g - 9 scrolls of remove curse
 i - 6 scrolls of identify
 s - 6 scrolls of amnesia
Potions
 h - 4 potions of curing
 A - a potion of resistance
 B - 3 potions of berserk rage
 C - 6 potions of heal wounds
 D - 2 potions of agility
 E - a potion of brilliance
 L - a potion of might
Miscellaneous
 z - a lamp of fire (inert)
Comestibles
 c - 40 rations


   Skills:
 + Level 4.8 Fighting
 + Level 1.2 Short Blades
 + Level 1.4 Staves
 - Level 5.0 Throwing
 + Level 1.0 Armour
 + Level 7.9 Dodging
 + Level 7.6 Stealth
 + Level 1.0 Unarmed Combat
 + Level 16.3 Spellcasting
 + Level 14.3 Conjurations
 * Level 10.9 Fire Magic
 + Level 6.2 Ice Magic
 * Level 6.0 Air Magic
 - Level 9.1 Earth Magic
 - Level 5.0 Evocations


You had 25 spell levels left.
You knew the following spells:

 Your Spells              Type           Power        Failure   Level  Hunger
a - Magic Dart            Conj           ####         0%          1    None
b - Searing Ray           Conj           ######       0%          2    None
c - Iskenderun's Mystic   Conj           #######.     1%          4    None
d - Flame Tongue          Conj/Fire      #####        0%          1    None
e - Freeze                Ice            ####         1%          1    None
f - Stone Arrow           Conj/Erth      ######       1%          3    None
g - Conjure Flame         Conj/Fire      ######..     1%          3    None
h - Conjure Ball Lightni  Conj/Air       ######....   1%          6    ####...

Your spell library contained the following spells:

 Spells                   Type           Power        Failure   Level  Hunger
 Irradiate                Conj/Tmut      ######....   1%          5    None
 Animate Skeleton         Necr           N/A          1%          1    None
 Beastly Appendage        Tmut           ###...       1%          1    None
 Pain                     Necr           ###.         1%          1    None
 Blink                    Tloc           N/A          1%          2    None
 Shroud of Golubria       Chrm/Tloc      ###.......   1%          2    None
 Sticks to Snakes         Tmut           ###.....     1%          2    None
 Dazzling Spray           Conj/Hex       ######       1%          3    None
 Force Lance              Conj/Tloc      ######..     1%          4    None
 Fulminant Prism          Conj/Hex       ######....   1%          4    None
 Ice Form                 Ice/Tmut       #####...     2%          4    None
 Gell's Gravitas          Tloc           ###.......   3%          3    None
 Lesser Beckoning         Tloc           ###.......   3%          3    None
 Regeneration             Chrm/Necr      ###.......   3%          3    None
 Spider Form              Tmut/Pois      ###.......   3%          3    None
 Teleport Other           Tloc           ###.....     3%          3    None
 Vampiric Draining        Necr           ###.......   3%          3    None
 Animate Dead             Necr           N/A          11%         4    None
 Passage of Golubria      Tloc           N/A          11%         4    None
 Blade Hands              Tmut           ###.......   26%         5    None


Dungeon Overview and Level Annotations

Branches:
Dungeon (13/15)            Temple (1/1) D:5            Lair (6/6) D:11
  Swamp (0/4) Lair:4       Spider (0/4) Lair:2        Slime (0/5) Lair:5
    Orc (2/2) D:9             Elf (0/3) Orc:2
 Vaults: D:13-14

Altars:
Ashenzari
Cheibriados
Dithmenos
Elyvilon
Fedhas
Gozag
Hepliaklqana
Kikubaaqudgha
Makhleb
Nemelex Xobeh
Okawaru
Qazlal
Ru
Sif Muna
Trog
Uskayaw
Vehumet
Wu Jian
Xom
Yredelemnul
Zin
The Shining One
Beogh
Jiyva

Shops:
D:3 *   D:6 *   D:9 :   Orc:2 %?!::

Annotations:
D:6 1 runed door, LabCoat's ghost, novice HOFi
D:12 3 runed doors, Thargor's ghost, journeyman DDFi
Lair:3 exclusion: 2 oklob plants


Message History

Aiming: Dig
Press: ? - help, Shift-Dir - straight line, p - sixfirhy Digging in that direction won't affect any walls.
A stone wall.
Digging in that direction won't affect any walls.
Okay, then.
Really attack while wielding your +2 blowgun?
Okay, then.
Unknown command.
You have 472 gold pieces.
You fade into invisibility!
You are very lightly contaminated with residual magic.
You are feeling hungry.
The sixfirhy barely misses you. The sixfirhy closely misses you. x2
The red devil misses you.
The orc knight unwields an uncursed war axe.
The orc knight wields an arbalest.
The orc knight shoots a bolt.
The bolt closely misses the orc sorcerer.
The bolt hits you!!
You die...

#...)#### ............).......
#..)###..####.................
#... #.÷.÷..####........_.....
##. #.÷...÷(∩##..............
#. ...÷..÷....##.............
# ÷.÷..§..4oo∩#.#...........
...÷§.§4oooo#.#...#.......
...§...o4oo##..........#..
##§..o.43@## .........#...
##÷....### ######


You could see 2 orc knights, 3 orc high priests, an orange demon, a hellwing, a
rust devil, a sixfirhy, 2 orc sorcerers, a red devil, an orc warrior and 2 orc
wizards.

Vanquished Creatures
  2 entropy weavers (Lair:4)
  Harold (D:9)
  A catoblepas (Lair:6)
  5 hydras
  A centaur warrior (D:12)
  A queen ant (Lair:4)
  2 two-headed ogres
  8 death yaks
  Nergalle (Lair:3)
  An unseen horror (D:12)
  Pikel (D:4)
  3 orc knights
  A deep elf mage (D:12)
  3 orc sorcerers
  A manticore (D:12)
  2 ugly things
  5 black mambas
  11 elephants
  A centaur zombie (D:12)
  14 spiny frogs
  Psyche (D:9)
  5 komodo dragons
  3 kobold demonologists
  6 trolls
  A jumping spider (Lair:2)
  3 polar bears (Lair:6)
  8 blink frogs
  Grinder (D:5)
  11 hippogriffs
  Sigmund (D:5)
  10 dream sheep
  A vampire (D:12)
  A spriggan (shapeshifter) (D:13)
  A tarantella (shapeshifter) (D:13)
  3 wyverns
  6 basilisks
  A human (D:10)
  17 yaks
  Eustachio (D:6)
  4 hogs (D:10)
  4 hungry ghosts
  8 vampire mosquitoes (D:12)
  23 soldier ants
  2 wargs (Orc:1)
  Menkaure (D:6)
  3 insubstantial wisps (Lair:4)
  An acid dragon (D:13)
  Duvessa (D:4)
  6 porcupines
  11 water moccasins
  4 black bears
  A hornet zombie (D:9)
  19 orc warriors
  A sky beast (D:11)
  A phantom (D:11)
  13 ogres
  46 wolves
  4 centaurs
  8 crocodiles
  A big kobold (D:11)
  21 bullfrogs
  3 scorpions
  Dowan (D:4)
  13 killer bees
  13 wights
  A howler monkey (D:5)
  2 electric eels
  6 crimson imps
  2 quasits
  A bullfrog skeleton (D:12)
  17 orc priests
  5 hounds
  A gnoll shaman (D:7)
  5 centaur skeletons
  19 orc wizards
  Ijyb (D:5)
  2 iguanas
  29 worker ants
  A killer bee zombie (D:7)
  15 gnolls
  9 adders
  2 shadow imps
  2 oozes (D:3)
  2 adder zombies
  An adder skeleton (D:2)
  4 worms
  3 dart slugs
  5 leopard geckos
  60 orcs
  4 ball pythons
  7 bats
  9 giant cockroaches
  4 goblins
  5 hobgoblins
  12 jackals
  2 quokkas
  A ball python skeleton (D:5)
  7 frilled lizards
  9 kobolds
  A leopard gecko zombie (D:8)
  2 quokka skeletons
  10 rats
  A butterfly (Lair:2)
  2 plants
630 creatures vanquished.

Vanquished Creatures (others)
  3 ball lightnings (Orc:1)
  2 slaves
  A howler monkey (D:5)
  A hound (D:7)
  2 orc priests (Orc:2)
  A bullfrog skeleton (D:4)
  A worker ant (D:4)
  A mummy (D:5)
  3 orcs
  A bush (Lair:4)
  26 fungi
  21 plants
63 creatures vanquished.

Grand Total: 693 creatures vanquished

Notes
Turn   | Place    | Note
-------+----------+-------------------------------------------
     0 | D:1      | Freitmort the Deep Elf Conjurer began the quest for the
                  | Orb.
     0 | D:1      | Reached XP level 1. HP: 10/10 MP: 6/6
   212 | D:1      | Reached XP level 2. HP: 15/15 MP: 5/8
   723 | D:1      | Reached skill level 5 in Conjurations
   915 | D:1      | Reached XP level 3. HP: 17/19 MP: 1/9
   988 | D:1      | Learned a level 2 spell: Searing Ray
  1263 | D:2      | Found a basalt altar of Yredelemnul.
  1733 | D:2      | Reached skill level 4 in Spellcasting
  1733 | D:2      | Reached XP level 4. HP: 23/24 MP: 3/12
  2286 | D:2      | Learned a level 4 spell: Iskenderun's Mystic Blast
  2430 | D:3      | Found an opulent altar of Gozag.
  2605 | D:3      | Found Gozag's Platinum Reserve.
  2654 | D:3      | Reached skill level 1 in Evocations
  2682 | D:3      | Reached XP level 5. HP: 8/28 MP: 0/13
  4001 | D:4      | Noticed a slave
  4002 | D:4      | Noticed a slave
  4002 | D:4      | Noticed Pikel
  4033 | D:4      | Noticed a slave
  4036 | D:4      | Killed Pikel
  4036 | D:4      | Reached skill level 5 in Spellcasting
  4036 | D:4      | Reached XP level 6. HP: 5/33 MP: 1/15
  4036 | D:4      | Reached XP level 7. HP: 6/37 MP: 1/16
  4314 | D:4      | Got a ripped robe
  4321 | D:4      | Noticed Duvessa
  4321 | D:4      | Noticed Dowan
  4364 | D:4      | Identified the +2 robe "Earthly Heaven" {*Drain +Inv rPois
                  | MR++} (You found it on level 4 of the Dungeon)
  4405 | D:4      | Killed Dowan
  4906 | D:4      | HP: 1/37 [Duvessa/short sword (7)]
  4978 | D:4      | Killed Duvessa
  5391 | D:5      | Entered Level 5 of the Dungeon
  5399 | D:5      | Reached skill level 1 in Fighting
  5484 | D:5      | Noticed Ijyb
  5491 | D:5      | Killed Ijyb
  5580 | D:5      | Found a radiant altar of Vehumet.
  5585 | D:5      | Found a staircase to the Ecumenical Temple.
  5631 | D:5      | Became a worshipper of Vehumet
  5645 | Temple   | Entered the Ecumenical Temple
  5971 | D:5      | Found a snail-covered altar of Cheibriados.
  6248 | D:5      | Reached skill level 5 in Throwing
  6248 | D:5      | Reached XP level 8. HP: 43/43 MP: 8/18
  6527 | D:5      | Noticed Sigmund
  6584 | D:5      | Killed Sigmund
  6584 | D:5      | Reached skill level 6 in Spellcasting
  6852 | D:5      | Noticed Grinder
  6858 | D:5      | Killed Grinder
  7438 | D:6      | Reached * piety under Vehumet
  7438 | D:6      | Offered knowledge of Flame Tongue by Vehumet.
  7438 | D:6      | Reached skill level 7 in Spellcasting
  7450 | D:6      | Learned a level 1 spell: Flame Tongue
  7472 | D:6      | Noticed Menkaure
  7475 | D:6      | Killed Menkaure
  7475 | D:6      | Reached skill level 5 in Evocations
  7602 | D:6      | Reached skill level 1 in Fire Magic
  7743 | D:6      | Found a runed door.
  7743 | D:6      | Noticed LabCoat's ghost (novice HOFi)
  7809 | D:6      | Found a burning altar of Makhleb.
  7810 | D:6      | Found an ornate altar of the Wu Jian Council.
  7810 | D:6      | Found a hazy altar of Hepliaklqana.
  7816 | D:6      | Noticed Eustachio
  7831 | D:6      | Reached XP level 9. HP: 44/48 MP: 15/22
  7880 | D:6      | Killed Eustachio
  8031 | D:6      | Found Dypnuwk's Assorted Antiques.
  8039 | D:6      | Bought a scroll labeled WYQOUTW YGYMED for 33 gold pieces
  8039 | D:6      | Bought a scroll of identify for 66 gold pieces
  8039 | D:6      | Bought a scroll of identify for 66 gold pieces
  8378 | D:6      | Reached skill level 8 in Spellcasting
  8820 | D:7      | Found a shattered altar of Ashenzari.
  8863 | D:7      | Found a sparkling altar of Nemelex Xobeh.
  9357 | D:7      | Found a glowing silver altar of Zin.
  9928 | D:8      | Reached skill level 5 in Stealth
  9947 | D:8      | Reached skill level 9 in Spellcasting
 10195 | D:8      | Reached ** piety under Vehumet
 10447 | D:8      | Offered knowledge of Freeze by Vehumet.
 10621 | D:8      | Learned a level 1 spell: Freeze
 10677 | D:8      | Reached XP level 10. HP: 54/54 MP: 20/25
 11229 | D:9      | Reached skill level 1 in Ice Magic
 11253 | D:9      | Noticed Psyche
 11281 | D:9      | Found a staircase to the Orcish Mines.
 11308 | D:9      | Killed Psyche
 11469 | D:9      | Reached skill level 10 in Spellcasting
 11636 | D:9      | Noticed Harold
 12198 | D:9      | Found Pigutzi's Book Boutique.
 12462 | D:9      | Killed Harold
 12462 | D:9      | Reached skill level 10 in Conjurations
 12462 | D:9      | Reached skill level 5 in Fire Magic
 12612 | D:10     | Entered Level 10 of the Dungeon
 12724 | D:10     | Offered knowledge of Stone Arrow by Vehumet.
 12734 | D:10     | Learned a level 3 spell: Stone Arrow
 12868 | D:10     | Reached skill level 1 in Earth Magic
 13878 | D:10     | Reached XP level 11. HP: 54/60 MP: 15/27
 14033 | D:10     | Reached skill level 5 in Dodging
 14033 | D:10     | Reached skill level 5 in Ice Magic
 14833 | D:11     | Reached *** piety under Vehumet
 15596 | D:11     | Offered knowledge of Conjure Flame by Vehumet.
 15627 | D:11     | Learned a level 3 spell: Conjure Flame
 15665 | D:11     | Reached skill level 5 in Earth Magic
 16218 | D:11     | Found a staircase to the Lair.
 16375 | D:11     | Noticed a green ugly thing
 16383 | D:11     | Killed a green ugly thing
 16548 | Lair:1   | Entered Level 1 of the Lair of Beasts
 17593 | Lair:1   | Reached **** piety under Vehumet
 18137 | Lair:2   | Offered knowledge of Yara's Violent Unravelling by Vehumet.
 18839 | Lair:2   | Reached XP level 12. HP: 66/66 MP: 17/28
 18939 | Lair:2   | Found a hole to the Spider Nest.
 20677 | Lair:3   | Noticed Nergalle
 21092 | Lair:3   | Killed Nergalle
 21092 | Lair:3   | Reached skill level 11 in Spellcasting
 21577 | Lair:4   | Found a staircase to the Swamp.
 21702 | Lair:4   | Noticed a four-headed hydra
 21716 | Lair:4   | Killed a four-headed hydra
 22049 | Lair:4   | Noticed a queen ant
 22735 | Lair:4   | Noticed a six-headed hydra
 22741 | Lair:4   | Killed a six-headed hydra
 22829 | Lair:4   | Reached skill level 12 in Spellcasting
 23014 | Lair:4   | Noticed a death yak
 23014 | Lair:4   | Noticed a death yak
 23015 | Lair:4   | Noticed a death yak
 23042 | Lair:4   | Killed a queen ant
 23044 | Lair:4   | Killed a death yak
 23555 | Lair:4   | Noticed a death yak
 23753 | Lair:4   | Noticed an entropy weaver
 24163 | Lair:4   | Killed a death yak
 24293 | Lair:4   | Noticed an entropy weaver
 24450 | Lair:4   | Reached XP level 13. HP: 70/70 MP: 21/31
 24457 | Lair:4   | Reached skill level 13 in Spellcasting
 24831 | Lair:4   | Reached ***** piety under Vehumet
 24836 | Lair:4   | Offered knowledge of Conjure Ball Lightning by Vehumet.
 24960 | Lair:4   | Learned a level 6 spell: Conjure Ball Lightning
 25756 | Lair:4   | Reached skill level 1 in Air Magic
 25832 | Lair:4   | Killed an entropy weaver
 26300 | Lair:5   | Found a frozen archway.
 26309 | IceCv    | Entered an ice cave
 27103 | Lair:4   | Killed an entropy weaver
 27436 | Lair:5   | Reached skill level 14 in Spellcasting
 28314 | Lair:5   | Found a viscous altar of Jiyva.
 28315 | Lair:5   | Found a staircase to the Slime Pits.
 28373 | Lair:6   | Entered Level 6 of the Lair of Beasts
 30669 | Lair:6   | Reached XP level 14. HP: 76/76 MP: 24/34
 30721 | Lair:6   | Reached skill level 15 in Spellcasting
 31413 | Lair:6   | Reached skill level 10 in Fire Magic
 32275 | Orc:1    | Entered Level 1 of the Orcish Mines
 32833 | D:12     | Found a runed gate.
 32833 | D:12     | Found a runed gate.
 32834 | D:12     | Found a runed gate.
 33722 | D:12     | Offered knowledge of Irradiate by Vehumet.
 34223 | D:12     | Noticed Thargor's ghost (journeyman DDFi)
 35057 | D:12     | Reached skill level 5 in Air Magic
 35706 | D:9      | Reached skill level 1 in Short Blades
 35706 | D:9      | Reached skill level 1 in Staves
 35706 | D:9      | Reached skill level 1 in Armour
 35706 | D:9      | Reached skill level 1 in Unarmed Combat
 35706 | D:9      | Reached skill level 16 in Spellcasting
 35706 | D:9      | Reached XP level 15. HP: 81/81 MP: 35/37
 35952 | Orc:1    | Found a roughly hewn altar of Beogh.
 36462 | Orc:2    | Entered Level 2 of the Orcish Mines
 36462 | Orc:2    | Found Banaduc's Book Boutique.
 37617 | Orc:2    | Found a staircase to the Elven Halls.
 37618 | Orc:2    | Found a burning altar of Makhleb.
 38120 | Orc:2    | Found Zuduujif's Food Shoppe.
 38120 | Orc:2    | Found Ophuenwi's Distillery.
 38120 | Orc:2    | Found Roagerr's Book Boutique.
 38120 | Orc:2    | Found Joazicot's Magic Scroll Boutique.
 38125 | Orc:2    | Bought a book of Spatial Translocations for 910 gold pieces
 38131 | Orc:2    | Shot with a bolt by an orc knight

Skill      XL: |  1  2  3  4  5  6  7  8  9 10 11 12 13 14 15 |
---------------+----------------------------------------------+-----
Conjurations   | 5 6 7 9 10 11 13 14 | 14.3
Spellcasting   | 4 5 7 9 10 12 14 16 | 16.3
Evocations     | 1 3 5 |  5.0
Throwing       | 3 5 |  5.0
Stealth        | 3 4 5 6 7 |  7.6
Fighting       | 1 2 3 4 |  4.8
Dodging        | 3 4 6 7 |  7.9
Fire Magic     | 1 4 5 6 8 9 10 | 10.9
Ice Magic      | 4 6 |  6.2
Earth Magic    | 3 8 9 |  9.1
Air Magic      | 3 5 6 |  6.0
Short Blades   | 1 |  1.2
Staves         | 1 |  1.4
Armour         | 1 |  1.0
Unarmed Combat | 1 |  1.0

Action                   |  1- 3 |  4- 6 |  7- 9 | 10-12 | 13-15 || total
-------------------------+-------+-------+-------+-------+-------++-------
Melee: Dagger            |     4 |       |       |       |       ||     4
       Short sword       |       |     1 |       |    24 |       ||    25
       Staff             |       |       |       |     4 |       ||     4
 Fire: Blowgun           |       |    28 |    33 |    29 |    62 ||   152
 Cast: Magic Dart        |    85 |    67 |   135 |   291 |   282 ||   860
       Searing Ray       |       |    12 |    47 |    96 |    24 ||   179
       Iskenderun's Myst |       |       |    27 |    25 |    27 ||    79
       Flame Tongue      |       |       |     2 |    25 |    26 ||    53
       Stone Arrow       |       |       |       |   236 |   547 ||   783
       Conjure Flame     |       |       |       |     5 |     9 ||    14
       Conjure Ball Ligh |       |       |       |       |     2 ||     2
 Abil: Evoke Invisibilit |       |       |       |       |     1 ||     1
Evoke: Wand              |       |       |       |     1 |       ||     1
       Lamp of fire      |       |       |       |       |     1 ||     1
  Use: Scroll            |     3 |     5 |     9 |    19 |    10 ||    46
       Potion            |       |       |     2 |     1 |     1 ||     4
  Eat: Chunk             |     2 |     6 |    17 |    24 |    24 ||    73
       Ration            |       |       |     2 |     6 |     5 ||    13
Armor: Robe              |     3 |     4 |    16 |    53 |    60 ||   136
Dodge: Dodged            |    11 |     9 |    57 |   174 |   230 ||   481
